 Dungeon Crawl Stone Soup version 0.31.0-11-ge490571c62 (webtiles) character file.

Game seed: 9510745173254126697

1722831 iamserjio the Conqueror (level 27, 259/259 (273) HPs)
             Began as a Minotaur Fighter on Feb 3, 2024.
             Was a High Priest of Trog.
             Escaped with the Orb
             ... and 3 runes!
             The game lasted 01:53:21 (69235 turns).

iamserjio the Conqueror (Minotaur Fighter)         Turns: 69235, Time: 01:53:22

HP:   259/259 (273) AC: 44    Str: 37    XL:     27
MP:   7/7           EV: 16    Int:  4    God:    Trog [*****.]
Gold: 548           SH: 21    Dex: 11    Spells: 26/26 levels left

rFire   + . .        k - +7 broad axe (antimagic)
rCold   . . .        i - +3 kite shield {rF+}
rNeg    + . .        U - +10 plate armour {rF+}
rPois   .            P - +2 hat {SInv}
rElec   .            o - +2 cloak {Will+}
rCorr   .            K - +2 pair of gloves
SInv    +            p - +0 pair of boots
Will    +++++        g - amulet "Kidd" {Reflect rN+ SH+5}
Stlth   +            Z - ring of protection from cold
HPRegen 1.63/turn    L - ring of Shadows {Umbra +Inv Stlth+}
MPRegen 0.10/turn

%: reflection
@: strong-willed (expiring), regenerating (expiring), hasted, wreathed by umbra,
studying Throwing, drained, very quick
A: horns 2, inability to read after injury 2, hated by all, cowardly,
temperature sensitive, retaliatory headbutt, no forms, passive freeze, strong 1
0: Orb of Zot
}: 3/15 runes: decaying, serpentine, silver
a: Renounce Religion, Evoke Invisibility, Berserk, Trog's Hand


You escaped.
You worshipped Trog.
Trog was extremely pleased with you.
You visited 10 branches of the dungeon, and saw 48 of its levels.
You visited the Abyss 1 time.
You visited 1 bazaar.
You also visited: Sewer and Gauntlet.

You collected 8687 gold pieces.
You spent 8139 gold pieces at shops.

Inventory:

Hand Weapons
 a - the +3 broad axe of Doom {drain, rPois rF+++ rC+ Str-3}
   (You found it in a Gauntlet)

   Str-3:     It affects your strength (-3).
   rF+++:     It renders you almost immune to fire.
   rC+:       It protects you from cold.
   rPois:     It protects you from poison
 k - a +7 antimagic broad axe (weapon)
 A - a +2 vampiric war axe
 T - the +6 war axe of Deformation {flame, +Blink rPois}
   (You bought it in a shop on level 12 of the Dungeon)

   rPois:     It protects you from poison +Blink: It lets you blink.
 W - a +1 broad axe of distortion
 X - a +9 broad axe of freezing
Missiles
 l - 8 curare-tipped darts (quivered)
 r - 4 throwing nets {!f}
Armour
 b - the +5 kite shield "Mobbusk" {rElec rN+ Str+3 Int-4}
   (You took it off Donald on level 1 of the Swamp)

   Str+3:     It affects your strength (+3).
   Int-4:     It affects your intelligence (-4).
   rElec:     It insulates you from electricity.
   rN+:       It protects you from negative energy.
 i - a +3 kite shield of fire resistance (worn)
 o - a +2 cloak of willpower (worn)
 p - a +0 pair of boots (worn)
 x - +0 gold dragon scales
 E - the -1 pair of gloves of the Blessed Realm {Int+4 SInv}
   (You found it on level 8 of the Dungeon)

   Int+4:     It affects your intelligence (+4).
   SInv:      It lets you see invisible.
 K - a +2 pair of gloves (worn)
 O - the +2 pair of boots of Impatience {Rampage rC- rN++ Dex+4}
   (You found it in a Gauntlet)

   Dex+4:     It affects your dexterity (+4).
   rC-:       It makes you vulnerable to cold.
   rN++:      It greatly protects you from negative energy.
   Rampage:   It bestows one free step when moving towards enemies.
 P - a +2 hat of see invisible (worn)
 U - a +10 plate armour of fire resistance (worn)
Jewellery
 d - a ring of protection from fire
 g - the amulet "Kidd" (around neck) {Reflect rN+ SH+5}
   (You found it on level 5 of the Lair of Beasts)

   [amulet of reflection]

   Reflect:   It reflects blocked missile attacks.
   rN+:       It protects you from negative energy.
   SH+5:      It affects your SH (+5).
 q - a +6 ring of strength
 F - the ring "Ygeudghis" {rF+ EV+5 Int+3 Stlth+}
   (You bought it in a shop on level 3 of the Elven Halls)

   [ring of evasion]

   EV+5:      It affects your evasion (+5).
   Int+3:     It affects your intelligence (+3).
   rF+:       It protects you from fire.
   Stlth+:    It makes you more stealthy.
 I - an amulet of regeneration
 J - a ring of flight
 L - the ring of Shadows (right hand) {Umbra +Inv Stlth+}
   (You found it on level 5 of the Vaults)

   [ring of stealth]

   Umbra:     It surrounds you with an aura of shadow, increasing your stealth
   and reducing the accuracy of all others within it.
   +Inv:      It lets you turn invisible.
   Stlth+:    It makes you more stealthy.
 R - the ring of Fodairut {rCorr Slay+2}
   (You found it on level 3 of the Depths)

   [ring of resist corrosion]

   Slay+2:    It affects your accuracy & damage with ranged weapons and melee
   (+2).
   rCorr:     It protects you from acid and corrosion.
 S - the ring "Yllus" {rElec rN+ rCorr Str+4 Dex-3}
   (You bought it in a shop on level 3 of the Elven Halls)

   [ring of positive energy]

   Str+4:     It affects your strength (+4).
   Dex-3:     It affects your dexterity (-3).
   rElec:     It insulates you from electricity.
   rN+:       It protects you from negative energy.
   rCorr:     It protects you from acid and corrosion.
 Y - a ring of poison resistance
 Z - a ring of protection from cold (left hand)
Wands
 e - a wand of quicksilver (19)
 z - a wand of paralysis (66)
 G - a wand of roots (39)
 Q - a wand of digging (2) {@v3}
Scrolls
 s - a scroll of revelation
 y - 4 scrolls of silence
 B - 9 scrolls of teleportation {@r3}
 C - 4 scrolls of fog
 M - 2 scrolls of blinking {@r4}
Potions
 c - 5 potions of cancellation
 h - 8 potions of curing {@q1}
 j - 6 potions of magic
 m - 10 potions of lignification
 n - 5 potions of might {@q3}
 t - a potion of resistance {@q5}
 u - 8 potions of heal wounds {@q2}
 w - a potion of invisibility
 H - 7 potions of attraction
 N - 7 potions of mutation
Miscellaneous
 f - a phial of floods
 D - a tin of tremorstones (2/2)


   Skills:
 O Level 27 Fighting
 O Level 27 Axes
 + Level 26.8 Armour
 + Level 18.6 Dodging
 * Level 10.5 Stealth
 - Level 15.0 Shields
 * Level 15.1 Evocations


You had 26 spell levels left.
You didn't know any spells.
Your spell library contained the following spells:

 Spells                   Type           Power      Damage    Failure   Level
 Magic Dart               Conj           0%         1d3       86%         1
 Shock                    Conj/Air       0%         1d3       86%         1
 Blink                    Tloc           0%         N/A       95%         2
 Lesser Beckoning         Tloc           0%         N/A       95%         2
 Momentum Strike          Conj/Tloc      0%         3d8       95%         2
 Fugue of the Fallen      Necr           0%         N/A       99%         3
 Gell's Gravitas          Tloc           0%         N/A       99%         3
 Inner Flame              Hex/Fire       0%         N/A       99%         3
 Ozocubu's Armour         Ice            0%         N/A       99%         3
 Swiftness                Air            0%         N/A       99%         3
 Teleport Other           Tloc           0%         N/A       99%         3
 Airstrike                Air            0%         2d(0-16)  100%        4
 Dimensional Bullseye     Hex/Tloc       0%         N/A       100%        4
 Iskenderun's Mystic Bla  Conj/Tloc      0%         2d3       100%        4
 Manifold Assault         Tloc           0%         N/A       100%        4
 Vhi's Electric Charge    Tloc/Air       0%         N/A       100%        4
 Borgnjor's Vile Clutch   Necr/Erth      0%         N/A       100%        5
 Irradiate                Conj/Alch      0%         3d11      100%        5
 Ignition                 Fire           0%         3d3       100%        8
 Chain Lightning          Conj/Air       0%         N/A       100%        9
 Call Imp                 Summ           Unusable   N/A       N/A         2
 Summon Ice Beast         Ice/Summ       Unusable   N/A       N/A         3
 Tukima's Dance           Hex            Unusable   N/A       N/A         3
 Animate Dead             Necr           Unusable   N/A       N/A         4
 Summon Mana Viper        Hex/Summ       Unusable   N/A       N/A         5
 Death Channel            Necr           Unusable   N/A       N/A         6
 Monstrous Menagerie      Summ           Unusable   N/A       N/A         7

Dungeon Overview and Level Annotations

Branches:
Dungeon (15/15)            Temple (1/1) D:7            Lair (5/5) D:8
  Swamp (4/4) Lair:2        Snake (4/4) Lair:2        Slime (0/5) Lair:4
    Orc (2/2) D:9             Elf (3/3) Orc:2        Vaults (5/5) D:13
  Crypt (0/3) Vaults:3     Depths (4/4) D:15            Zot (5/5) Depths:4
  Sewer (visited)         Gauntlet (visited)

Altars:
Ashenzari
Elyvilon
Gozag
Kikubaaqudgha
Makhleb
Nemelex Xobeh
Okawaru
Qazlal
Ru
Sif Muna
Trog
Uskayaw
Vehumet
Wu Jian
Xom
Zin
The Shining One

Shops:
D:1 !   D:10 [*==   D:12 *(([(   D:15 *   Orc:2 (=[*   Elf:2 (   Elf:3 *:!=
Snake:1 *   Vaults:3 (   Depths:2 ::=

Portals:
Hell: Depths:1 Depths:2 Depths:3 Depths:4
Abyss: Depths:2 Depths:3 Depths:4
Pandemonium: Depths:2 Depths:3 Depths:4
Ziggurat: Depths:4

Annotations:
Elf:2 3 runed translucent doors
Vaults:1 3 runed translucent doors, Kipt's ghost, adept SpFE
Vaults:3 Sojobo
Depths:1 exclusion: door
Depths:3 exclusion: orange crystal statue


Innate Abilities, Weirdness & Mutations

You have a pair of horns on your head.
You sometimes lose the ability to read scrolls when taking damage.
You are hated by all.
Your cowardice makes you less effective in combat with threatening foes.
You are sensitive to extremes of temperature. (rF-, rC-)
You reflexively headbutt those who attack you in melee.
You cannot voluntarily change form.
A frigid envelope surrounds you and freezes all who hurt you.
Your muscles are strong. (Str +4, Int/Dex -1)


Message History

You see here a +2 whip of flaming.
Your skin stops crawling.
You feel less strong-willed.
HP restored.
A Lugoexik and a crimson imp come into view.
Lugoexik screams, "Thy gizzard shall be my mouthful!"
The crimson imp shouts!
A hell beast comes into view.
The crimson imp moves out of view.
Press: ? - help, v - describe, . - travel The floor.
This square is wreathed by an umbra and is covered in magical glow.
Unknown command.
Unknown command.
Unknown command.
As you read the scroll of teleportation {@r3}, it crumbles to dust.
You feel strangely unstable.
You feel the Orb delaying your translocation!
Lugoexik gestures at you. The bolt of negative energy hits you!!
You partially resist.
You feel drained.
Your skin crawls.
You feel strong-willed.
You feel yourself speed up. Lugoexik misses you. You furiously retaliate!
You headbutt Lugoexik.
A Hell Sentinel comes into view.
You feel a twist of horror at the sight of this foe.
Lugoexik attacks as it pursues you! Lugoexik hits you but does no damage.
Lugoexik is frozen!
Lugoexik is very cold.
Lugoexik gestures.
Lugoexik gestures at you. The bolt of negative energy hits you!
You partially resist.
You feel drained.
Your surroundings suddenly seem different.
A ball python comes into view.
Found 11 gold pieces.
The ball python hisses angrily.
You see here a +0 mace.
As you open the door, it creaks loudly!
There is an open door here.
You feel the effects of Trog's Hand fading.
There is a staircase leading out of the dungeon here.
You have escaped!

.#...#...........# #....#....##
.##.##.#####.##..# #.#######..#
.##.##.# #.##..## #....#......
.##.##.# ##.##...####.#..#.#....
.##.##.####............#.........
.##.##........++++++.............
.....######...+....+.###.....#...
#...+....+.###.....##.#
#...+(@..+..##.[...##.#
#...+....'.)....#####.#
#...++'+++....#.# #.#
#.........##.##.# #.#
#..######.##.##.# #.. #...
#.##.##.####### #.### #.
#.##.S...S.. #.. .. ..##########
### .. ...


There were no monsters in sight!

Vanquished Creatures
  6 dread liches
  An ancient lich (Zot:5)
  2 orbs of fire (Zot:5)
  Mara (Depths:1)
  Mennas (Vaults:3)
  11 Killer Klowns (Zot:5)
  Saint Roka (Depths:1)
  A caustic shrike (Depths:2)
  Nikola (Swamp:1)
  4 golden dragons
  A profane servitor (D:1)
  A Tzitzimitl (D:5)
  2 bone dragons
  2 electric golems (Zot:5)
  A Brimstone Fiend (D:10)
  16 tentacled monstrosities
  2 liches (Depths:2)
  A walking crystal tome (Depths:4)
  Zenata (Vaults:3)
  25 Orb Guardians (Zot:5)
  3 sphinxes
  2 walking earthen tomes
  2 deep elf blademasters (Elf:2)
  Asterion (Depths:1)
  A walking divine tome (Depths:2)
  2 titans
  2 deep elf master archers (Elf:3)
  8 quicksilver dragons
  2 Executioners
  2 ancient champions
  A thorn hunter (Swamp:4)
  Frances (D:13)
  16 shadow dragons
  4 death cobs
  Aizul (Swamp:2)
  6 storm dragons
  Donald (Swamp:1)
  7 tengu reavers
  6 draconian monks
  A fenstrider witch (Swamp:3)
  Roxanne (Swamp:2)
  7 draconian knights
  8 nagarajas
  2 balrugs
  5 fire giants
  5 frost giants
  9 deep elf sorcerers
  3 iron dragons
  3 deep elf elementalists
  11 vault wardens
  16 ironbound preservers
  4 draconian scorchers
  4 draconian shifters
  A ghost moth (Zot:3)
  The ghost of Flugkiller the Fighter, an adept VSFi of Gozag (Snake:1)
  A ghoul (Elf:3)
  3 spectral juggernauts (Depths:3)
  2 orc warlords
  2 spectral caustic shrikes (Depths:3)
  12 stone giants
  A draconian annihilator (Zot:5)
  2 spriggan defenders (Depths:2)
  10 ironbound thunderhulks
  A draconian stormcaller (Zot:2)
  3 formless jellyfish
  11 vampire knights
  6 deep elf annihilators (Elf:3)
  3 green draconians
  A lorocyproca (Abyss:2)
  22 very ugly things
  6 black draconians
  4 eleionomae
  7 deep elf demonologists
  10 deep elf death magi
  3 spectral titans (Depths:3)
  6 white draconians
  8 purple draconians
  4 bunyips
  4 war gargoyles
  A minotaur (Gauntlet)
  4 spark wasps
  7 dire elephants
  6 red draconians
  5 yellow draconians
  A spectral quicksilver dragon (Depths:3)
  A blizzard demon (Depths:2)
  14 ettins
  6 eidola
  4 spectral golden dragons (Depths:3)
  An entropy weaver (Vaults:3)
  12 fire dragons
  15 yaktaur captains
  A jiangshi (Elf:3)
  Josephine (D:12)
  3 deep elf high priests
  3 rakshasas
  The ghost of Yehuk the Fighter, a journeyman GrMo of Okawaru (D:12)
  2 spectral sphinxes (Depths:3)
  2 hell beasts
  4 spectral spriggans (Depths:3)
  7 great orbs of eyes
  4 spectral tengu (Depths:3)
  28 vault guards
  5 ice dragons
  3 juggernaut simulacra (Depths:3)
  A spriggan skeleton (Depths:2)
  4 peacekeepers
  13 ironbound frosthearts
  A caustic shrike simulacrum (Depths:3)
  A quicksilver dragon skeleton (Vaults:3)
  2 salamander tyrants (Snake:4)
  13 alligators
  A death knight (Abyss:2)
  8 hydras
  3 spriggan air magi
  2 ogre magi
  Erica (D:9)
  A spectral frost giant (Depths:3)
  2 ghost crabs
  A spectral fire giant (Depths:3)
  15 anacondas
  2 boulder beetles
  11 naga warriors
  16 dancing weapons
  2 two-headed ogres (shapeshifter)
  7 deep troll shamans
  5 orc high priests
  7 tengu warriors
  10 deep troll earth magi
  11 centaur warriors
  8 two-headed ogres
  6 vampire magi
  A thrashing horror (Abyss:2)
  8 spriggan berserkers
  9 shock serpents
  2 soul eaters (Depths:3)
  22 hell knights
  A wretched star (Abyss:2)
  15 naga sharpshooters
  Sonja (D:12)
  A shadow wraith (Vaults:5)
  An occultist (Depths:2)
  18 deep elf knights
  A spectral storm dragon (Depths:3)
  A skyshark (shapeshifter) (Depths:2)
  A fire crab (Gauntlet)
  2 iron trolls
  3 sun demons
  A skeletal warrior (Elf:3)
  2 spectral spark wasps (Depths:3)
  2 death drakes (Depths:3)
  A skyshark (Lair:5)
  2 spriggan druids (Swamp:3)
  3 sixfirhies
  59 deep trolls
  2 elf simulacra (Elf:3)
  7 glowing orange brains
  A salamander mystic (Snake:3)
  4 goliath frogs
  6 arcanists
  A mana viper (shapeshifter) (Vaults:5)
  3 bog bodies (Swamp:4)
  14 mana vipers
  2 spectral alligators (Swamp:4)
  13 ironbound convokers
  6 flayed ghosts
  10 lindwurms
  13 necromancers
  An obsidian statue (Snake:1)
  3 spectral hydras (Swamp:4)
  9 naga ritualists
  10 deep elf archers
  A golden dragon skeleton (Depths:2)
  7 swamp dragons
  Pikel (D:5)
  An orange crystal statue (Depths:3)
  15 deep elf pyromancers
  3 harpies (Vaults:3)
  9 phantasmal warriors
  10 orc knights
  17 deep elf zephyrmancers
  A steelbarb worm (shapeshifter) (Vaults:5)
  An iron dragon zombie (Depths:2)
  5 will-o-the-wisps
  2 wolf spiders (Lair:5)
  A shining eye (shapeshifter) (Vaults:5)
  10 orc sorcerers
  A frost giant zombie (Vaults:5)
  13 moths of wrath
  14 elephants
  4 manticores
  40 ugly things
  4 cyclopes
  Maurice (D:7)
  3 rust devils (D:13)
  13 salamanders
  A stone giant skeleton (Vaults:3)
  3 meliai (D:13)
  A water nymph (shapeshifter) (Vaults:5)
  17 vault sentinels
  55 black mambas
  A titan simulacrum (Depths:3)
  A frost giant skeleton (Vaults:5)
  A naga skeleton (Abyss:2)
  2 smoke demons (D:13)
  19 naga magi
  4 spectral elves (Elf:3)
  6 guardian serpents
  2 kobold blastminers (Orc:2)
  10 large abominations
  13 cane toads
  An unseen horror (D:13)
  3 orange demons
  A yaktaur zombie (Vaults:3)
  2 freezing wraiths
  3 swamp worm zombies (Swamp:4)
  3 rime drakes
  3 spectral glowing shapeshifters
  An efreet (D:9)
  23 yaktaurs
  7 komodo dragons
  2 tengu conjurers (Depths:1)
  A red devil (D:13)
  2 golden dragon simulacra (Depths:3)
  4 trolls
  4 polar bears
  A human zombie (Vaults:3)
  3 bloated husks
  2 merfolk (shapeshifter) (Vaults:5)
  An ice devil (D:13)
  A hellwing (D:13)
  3 tengu simulacra (Depths:3)
  10 tyrant leeches
  13 blink frogs
  A tarantella (shapeshifter) (D:15)
  3 hydra zombies (Swamp:4)
  14 hornets
  A raiju (Abyss:2)
  3 spectral swamp dragons (Swamp:4)
  5 glass eyes
  6 dream sheep (Lair:4)
  2 iron dragon simulacra (Depths:3)
  7 wraiths
  5 shadows
  58 slime creatures
  5 water elementals
  A fire elemental (Elf:1)
  3 vampires
  2 ynoxinuls
  60 yaks
  A culicivora (shapeshifter) (Depths:2)
  9 spriggans
  9 wyverns
  4 basilisks
  4 tyrant leech zombies (Swamp:4)
  A basilisk (shapeshifter) (Vaults:5)
  18 humans (D:13)
  4 fire bats (Gauntlet)
  4 steam dragons
  6 wargs
  A redback (Vaults:3)
  15 vampire mosquitoes
  A redback (shapeshifter) (Vaults:5)
  45 nagas
  3 small abominations (Abyss:2)
  2 swamp worms (shapeshifter) (Vaults:5)
  29 water moccasins
  12 swamp worms
  An acid dragon (Lair:5)
  A glowing shapeshifter skeleton (Vaults:5)
  3 ice beasts
  Pargi (Sewer)
  A sky beast (D:7)
  A sky beast (shapeshifter) (Vaults:4)
  3 swamp drakes
  32 orc warriors
  3 black bears
  3 swamp dragon zombies (Swamp:4)
  6 ogres
  3 boggarts (Vaults:2)
  6 phantoms
  11 wolves
  10 centaurs
  2 brain worms (Sewer)
  An earth elemental (Elf:1)
  A gnoll sergeant (D:7)
  5 kobold brigands
  17 bullfrogs
  A glowing shapeshifter simulacrum (Vaults:3)
  4 scorpions
  4 wights
  11 killer bees
  4 electric eels
  7 howler monkeys
  3 lava snakes (Lair:2)
  A quasit (Abyss:2)
  2 bombardier beetles
  34 orc priests
  Ijyb (D:5)
  A gnoll bouda (D:7)
  4 hounds
  4 iron imps
  4 jellies
  5 sleepcaps
  An iguana (shapeshifter) (D:15)
  7 iguanas
  21 orc wizards
  10 gnolls
  13 adders
  An adder (shapeshifter) (Depths:2)
  A river rat (D:3)
  3 white imps
  4 dart slugs
  2 ribbon worms
  80 orcs
  4 bats
  15 endoplasms
  A giant cockroach (D:1)
  4 goblins
  8 hobgoblins
  4 quokkas
  11 ball pythons
  7 frilled lizards
  23 kobolds
  5 rats
  A spectral weapon (Depths:1)
2097 creatures vanquished.

Vanquished Creatures (others)
  A nagaraja (Snake:4)
  A fenstrider witch (Swamp:4)
  A hydra (Lair:4)
  An occultist (Depths:2)
  A death drake (Swamp:4)
  A manticore (D:9)
  An elephant (Lair:2)
  A red devil (D:13)
  9 bloated husks
  A dream sheep (Lair:4)
  A naga (Snake:1)
  17 foxfires
  2 starspawn tentacles (Abyss:2)
38 creatures vanquished.

Grand Total: 2135 creatures vanquished

Notes
Turn   | Place    | Note
-------+----------+-------------------------------------------
     0 | D:1      | iamserjio the Minotaur Fighter began the quest for the Orb.
     0 | D:1      | Reached XP level 1. HP: 19/19 MP: 0/0
   137 | D:1      | Reached XP level 2. HP: 27/27 MP: 1/1
   452 | D:1      | Found Silazaby's Distillery.
   474 | D:2      | Reached XP level 3. HP: 33/33 MP: 2/2
   602 | D:2      | Reached XP level 4. HP: 23/40 MP: 1/3
   859 | D:3      | Reached XP level 5. HP: 45/47 MP: 4/4
   866 | D:3      | Found a glowing drain.
   886 | Sewer    | Entered a sewer
   958 | Sewer    | Reached skill level 5 in Axes
  1006 | Sewer    | Noticed Pargi
  1016 | Sewer    | Killed Pargi
  1017 | Sewer    | Reached skill level 5 in Shields
  1017 | Sewer    | Reached XP level 6. HP: 28/55 MP: 3/5
  1019 | Sewer    | Reached skill level 5 in Fighting
  1019 | Sewer    | Reached skill level 5 in Armour
  1277 | D:3      | Found a blossoming altar of Fedhas.
  1472 | D:4      | Found an opulent altar of Gozag.
  1541 | D:4      | Reached XP level 7. HP: 47/61 MP: 4/6
  2276 | D:5      | Entered Level 5 of the Dungeon
  2883 | D:5      | Found a glowing silver altar of Zin.
  2918 | D:5      | Reached XP level 8. HP: 67/70 MP: 7/7
  3034 | D:5      | Noticed Ijyb
  3048 | D:5      | Killed Ijyb
  3096 | D:5      | Found a white marble altar of Elyvilon.
  3097 | D:5      | Found a burning altar of Makhleb.
  3437 | D:5      | Noticed Pikel
  3460 | D:5      | Killed Pikel
  3895 | D:6      | Found a shimmering altar of Xom.
  3970 | D:6      | Reached XP level 9. HP: 79/79 MP: 8/8
  4598 | D:7      | Noticed Maurice
  4978 | D:6      | Reached skill level 10 in Axes
  5093 | D:7      | Killed Maurice
  6174 | D:7      | Found a shimmering blue altar of Sif Muna.
  6196 | D:7      | Reached XP level 10. HP: 76/90 MP: 7/9
  6440 | D:7      | Found a staircase to the Ecumenical Temple.
  6450 | Temple   | Entered the Ecumenical Temple
  6750 | D:8      | Identified the -1 pair of gloves of the Blessed Realm
                  | {Int+4 SInv}
  7023 | D:8      | Identified the +3 shortbow "Himu" {freeze, rElec}
  7109 | D:8      | Noticed a two-headed ogre
  7116 | D:8      | Killed a two-headed ogre
  7243 | D:8      | Found a staircase to the Lair.
  7592 | D:9      | Found a sacrificial altar of Ru.
  7633 | D:9      | Became a worshipper of Ru the Awakened
  8054 | D:9      | Noticed Erica
  8065 | D:9      | Killed Erica
  8066 | D:9      | Reached skill level 10 in Armour
  8066 | D:9      | Reached XP level 11. HP: 41/99 MP: 3/10
  8288 | D:9      | Reached skill level 10 in Fighting
  8306 | D:9      | Found a radiant altar of Vehumet.
  8376 | D:9      | Found a staircase to the Orcish Mines.
  8384 | D:9      | Reached skill level 10 in Shields
  8484 | D:9      | Got the Incunabulum of Nephomancy
  8758 | D:9      | Found a runed translucent door.
  8760 | D:9      | Noticed a tengu warrior
  8762 | D:9      | Noticed a centaur warrior
  8787 | D:9      | Killed a tengu warrior
  8963 | D:9      | Found a runed translucent door.
  8966 | D:9      | Found a runed translucent door.
  8979 | D:9      | Noticed a centaur warrior
  8994 | D:9      | Killed a centaur warrior
  9382 | D:9      | Found a glowing golden altar of the Shining One.
  9394 | D:10     | Entered Level 10 of the Dungeon
  9434 | D:10     | Found Eguyruist's General Store.
  9493 | D:10     | Bought a wand of flame (14) for 117 gold pieces
  9493 | D:10     | Bought a throwing net for 36 gold pieces
  9527 | D:10     | Found Foingar's Armour Shop.
  9575 | D:10     | Noticed a two-headed ogre
  9587 | D:10     | Killed a two-headed ogre
  9667 | D:10     | Found Duigeadaxt's Jewellery Shoppe.
  9675 | D:10     | Bought a ring of poison resistance for 280 gold pieces
  9730 | D:10     | Gained mutation: You are hated by all. [Ru sacrifice]
  9730 | D:10     | Reached * piety under Ru
  9858 | D:10     | Noticed a two-headed ogre
  9870 | D:10     | Killed a two-headed ogre
 10288 | D:10     | Found Teschyusu's Jewellery Emporium.
 10297 | D:10     | Bought a ring of protection from cold for 375 gold pieces
 11379 | D:12     | Noticed a two-headed ogre
 11393 | D:11     | Killed a two-headed ogre
 11394 | D:11     | Reached XP level 12. HP: 106/110 MP: 11/11
 11395 | D:11     | Reached skill level 15 in Axes
 11473 | D:12     | Found Wofic's Weapon Shoppe.
 11513 | D:12     | Noticed Sonja
 11518 | D:12     | Killed Sonja
 11519 | D:12     | Identified the +10 shortbow of Gohiuc {freeze, rF+}
 11520 | D:12     | Noticed Josephine
 11554 | D:12     | Killed Josephine
 11659 | D:12     | Found Qiett's Antique Weapon Shop.
 11667 | D:12     | Bought a broad axe for 116 gold pieces
 11722 | D:12     | Found Kycwec's Assorted Antiques.
 11738 | D:12     | Bought a scroll of teleportation for 78 gold pieces
 11789 | D:12     | Gained mutation: Your cowardice makes you less effective in
                  | combat with threatening foes. [Ru sacrifice]
 11789 | D:12     | Reached ** piety under Ru
 11789 | D:12     | Reached *** piety under Ru
 12025 | D:12     | Found Juthroin's Weapon Shop.
 12311 | D:12     | Found Udaruyt's Armour Boutique.
 12353 | D:12     | Found a runed translucent door.
 12356 | D:12     | Noticed a boulder beetle
 12358 | D:12     | Noticed Yehuk's ghost (journeyman GrMo)
 12606 | D:13     | HP: 5/109 [red devil/+0 trident (4)]
 12633 | D:13     | Noticed a centaur warrior
 12805 | D:13     | Noticed Frances
 12932 | Lair:1   | Entered Level 1 of the Lair of Beasts
 13865 | Lair:2   | Found a staircase to the Snake Pit.
 14000 | Lair:2   | Found a gate leading to a gauntlet.
 14011 | Gauntlet | Entered a Gauntlet
 14011 | Gauntlet | Found a transporter.
 14054 | Gauntlet | Found a transporter.
 14056 | Gauntlet | Found a transporter.
 14066 | Gauntlet | Found a transporter.
 14069 | Gauntlet | Found a transporter.
 14079 | Gauntlet | Found a transporter.
 14094 | Gauntlet | Found a transporter.
 14105 | Gauntlet | Found a transporter.
 14106 | Gauntlet | Noticed a balrug
 14112 | Gauntlet | Gained mutation: You occasionally lose the ability to read
                  | scrolls when taking damage. [Ru sacrifice]
 14112 | Gauntlet | Gained mutation: You sometimes lose the ability to read
                  | scrolls when taking damage. [Ru sacrifice]
 14112 | Gauntlet | Reached **** piety under Ru
 14117 | Gauntlet | Found a transporter.
 14122 | Gauntlet | Found a transporter.
 14122 | Gauntlet | Found a transporter.
 14148 | Gauntlet | Found a transporter.
 14148 | Gauntlet | Found a transporter.
 14297 | Gauntlet | Reached XP level 13. HP: 119/119 MP: 12/12
 14300 | Gauntlet | Found a transporter.
 14309 | Gauntlet | Identified the +1 scale mail of Forking Paths {Regen+ Int+3
                  | Dex-3}
 14363 | Gauntlet | Identified the +4 rapier "Enuf" {flame, rF+ Int+5}
 14363 | Gauntlet | Noticed a minotaur
 14378 | Gauntlet | Killed a minotaur
 14385 | Gauntlet | Identified the +2 pair of boots of Impatience {Rampage rC-
                  | rN++ Dex+4}
 14385 | Gauntlet | Identified the +3 broad axe of Doom {drain, rPois rF+++ rC+
                  | Str-3}
 14739 | Lair:2   | Identified the +4 dagger of Pride {venom, rElec rN+++ Str+3
                  | Dex-3}
 14745 | Lair:2   | Found a staircase to the Swamp.
 15129 | Lair:3   | Identified the +8 dagger of Unpleasantness {freeze, MP+9
                  | Dex+2}
 16117 | Lair:4   | Found a staircase to the Slime Pits.
 16242 | Lair:4   | Gained mutation: You are sensitive to extremes of
                  | temperature. (rF-, rC-) [Ru sacrifice]
 16242 | Lair:4   | Reached ***** piety under Ru
 16835 | Lair:5   | Entered Level 5 of the Lair of Beasts
 16986 | Lair:5   | Reached XP level 14. HP: 94/132 MP: 13/13
 17841 | Lair:5   | Gained mutation: You cannot voluntarily change form. [Ru
                  | sacrifice]
 17841 | Lair:5   | Reached ****** piety under Ru
 18008 | Temple   | Fell from the grace of Ru
 18008 | Temple   | Became a worshipper of Trog the Wrathful
 18643 | Lair:5   | Reached skill level 15 in Fighting
 18724 | Lair:5   | Identified the amulet "Kidd" {Reflect rN+ SH+5}
 18818 | Lair:5   | Reached * piety under Trog
 19293 | D:13     | Reached skill level 15 in Armour
 19525 | D:13     | Reached ** piety under Trog
 19799 | D:13     | Reached XP level 15. HP: 85/145 MP: 9/14
 19852 | D:13     | Killed Frances
 20097 | D:13     | Found a gate to the Vaults.
 21341 | D:14     | Reached *** piety under Trog
 21635 | D:15     | Entered Level 15 of the Dungeon
 21785 | D:15     | Found Banledef's Mail-Order Catalogue.
 22272 | D:15     | Found a staircase to the Depths.
 22662 | Orc:1    | Entered Level 1 of the Orcish Mines
 22703 | Orc:1    | Reached **** piety under Trog
 23089 | Orc:2    | Entered Level 2 of the Orcish Mines
 23625 | Orc:2    | Found a staircase to the Elven Halls.
 23703 | Orc:2    | Reached ***** piety under Trog
 23713 | Abyss:2  | Cast into level 2 of the Abyss (orc warlord)
 23806 | Abyss:2  | Found a corrupted altar of Lugonu.
 23937 | Abyss:2  | Noticed a tentacled starspawn
 24021 | Abyss:2  | Found a corrupted altar of Lugonu.
 24089 | Abyss:2  | Found a corrupted altar of Lugonu.
 24091 | Abyss:2  | Found a corrupted altar of Lugonu.
 24102 | Abyss:2  | Found a corrupted altar of Lugonu.
 24102 | Abyss:2  | Found a corrupted altar of Lugonu.
 24102 | Abyss:2  | Found a corrupted altar of Lugonu.
 24102 | Abyss:2  | Found a corrupted altar of Lugonu.
 24122 | Orc:2    | Escaped the Abyss
 24226 | Orc:2    | Reached XP level 16. HP: 159/159 MP: 15/15
 24292 | Orc:2    | Received a gift from Trog
 24351 | Orc:2    | Found Tarea's Antique Armour Boutique.
 24356 | Orc:2    | Found Suwo's General Store.
 24356 | Orc:2    | Found Hide's Jewellery Boutique.
 24372 | Orc:2    | Found Vajobueha's Antique Weapon Shop.
 24376 | Orc:2    | Bought a runed plate armour for 572 gold pieces
 24389 | Orc:2    | Bought a runed chain mail for 165 gold pieces
 24399 | Orc:2    | Bought a potion of cancellation for 120 gold pieces
 24399 | Orc:2    | Bought a throwing net for 45 gold pieces
 24399 | Orc:2    | Bought a +2 hat of see invisible for 315 gold pieces
 24854 | D:12     | Killed Yehuk's ghost
 25076 | Elf:1    | Entered Level 1 of the Elven Halls
 27177 | Elf:2    | Received a gift from Trog
 27265 | Elf:2    | Found Cuocac's Antique Weapon Shop.
 27363 | Elf:2    | Found a runed translucent gate.
 27363 | Elf:2    | Found a runed translucent gate.
 27364 | Elf:2    | Found a runed translucent gate.
 28089 | Elf:3    | Entered Level 3 of the Elven Halls
 28135 | Elf:3    | Noticed a deep elf blademaster
 28153 | Elf:3    | Noticed a deep elf master archer
 28164 | Elf:2    | Killed a deep elf blademaster
 28315 | Elf:3    | Killed a deep elf master archer
 28321 | Elf:3    | Noticed a deep elf blademaster
 28490 | Elf:2    | Killed a deep elf blademaster
 28638 | Elf:3    | Reached XP level 17. HP: 167/172 MP: 16/16
 29369 | Elf:3    | Identified the +0 robe of Refuge {rF+}
 29683 | Elf:3    | Noticed a deep elf master archer
 29699 | Elf:3    | Killed a deep elf master archer
 29902 | Elf:3    | Found Vuten's Assorted Antiques.
 29905 | Elf:3    | Found Lulofenk's Distillery.
 29905 | Elf:3    | Found Cadituda's Book Boutique.
 29910 | Elf:3    | Bought a translucent chain mail for 209 gold pieces
 29910 | Elf:3    | Identified the +2 chain mail of Atoy {rF+} (You bought it
                  | in a shop on level 3 of the Elven Halls)
 29910 | Elf:3    | Bought a potion of heal wounds for 110 gold pieces
 29910 | Elf:3    | Bought a scroll of teleportation for 66 gold pieces
 29910 | Elf:3    | Bought a bone wand for 88 gold pieces
 29935 | Elf:3    | Bought a scroll of brand weapon for 209 gold pieces
 29936 | Elf:3    | Found Ricky's Jewellery Shop.
 29945 | Elf:3    | Bought a potion of haste for 180 gold pieces
 30046 | Elf:3    | Reached skill level 1 in Dodging
 30443 | Elf:3    | Reached skill level 1 in Evocations
 30803 | Elf:3    | Noticed an Ice Fiend
 30885 | Elf:3    | Reached XP level 18. HP: 183/183 MP: 5/17
 30887 | Elf:3    | Identified the staff "Etuamnod" {Str+5 SInv Stlth+ Hexes
                  | Earth}
 31091 | Elf:3    | Identified the +0 plate armour "Plog" {rF+ rC+}
 31099 | Elf:3    | Identified the +1 ring mail of the Equinox {rF- rC- rN+
                  | Str+3}
 31514 | Snake:1  | Entered Level 1 of the Snake Pit
 32124 | Snake:1  | Reached skill level 5 in Dodging
 32513 | Snake:1  | Found a runed translucent gate.
 32513 | Snake:1  | Found a runed translucent gate.
 32515 | Snake:1  | Found an opulent altar of Gozag.
 32517 | Snake:1  | Found a runed translucent gate.
 32517 | Snake:1  | Noticed Flugkiller's ghost (adept VSFi)
 32518 | Snake:1  | Found Seup's Assorted Antiques.
 33041 | Snake:2  | Reached XP level 19. HP: 193/193 MP: 18/18
 33795 | Snake:2  | Received a gift from Trog
 35586 | Snake:4  | Entered Level 4 of the Snake Pit
 36495 | Swamp:1  | Entered Level 1 of the Swamp
 36574 | Swamp:1  | Reached skill level 5 in Evocations
 36672 | Snake:1  | Killed Flugkiller's ghost
 36928 | Snake:1  | Bought a scroll of fog for 120 gold pieces
 36928 | Snake:1  | Bought a scroll of teleportation for 90 gold pieces
 37154 | D:12     | Bought the +6 war axe of Deformation {flame, +Blink rPois}
                  | for 926 gold pieces
 37360 | Swamp:1  | Noticed Nikola
 37386 | Swamp:1  | Killed Nikola
 37525 | Swamp:1  | Received a gift from Trog
 37710 | Swamp:1  | Identified the +5 kite shield "Mobbusk" {rElec rN+ Str+3
                  | Int-4}
 37710 | Swamp:1  | Noticed Donald
 37715 | Swamp:1  | Killed Donald
 38259 | Swamp:2  | Noticed Roxanne
 38259 | Swamp:2  | Identified the serpent talisman "Siech" {rN+}
 38259 | Swamp:2  | Noticed Aizul
 38590 | Swamp:2  | Reached XP level 20. HP: 198/206 MP: 19/19
 38701 | Swamp:2  | Killed Roxanne
 39524 | Swamp:3  | Reached skill level 10 in Dodging
 39977 | Swamp:4  | Entered Level 4 of the Swamp
 40162 | Swamp:2  | Killed Aizul
 40544 | Orc:2    | Bought a ring of willpower for 300 gold pieces
 40816 | Depths:1 | Entered Level 1 of the Depths
 40853 | Depths:1 | Noticed Asterion
 40915 | Depths:1 | Killed Asterion
 41014 | Depths:1 | Noticed Saint Roka
 41037 | Depths:1 | Killed Saint Roka
 41269 | Depths:1 | Noticed Mara
 41279 | Depths:1 | Noticed iamserjio's illusion
 41305 | Depths:1 | Noticed iamserjio's illusion
 41305 | Depths:1 | Found a gateway to Hell.
 41591 | Depths:1 | Noticed iamserjio's illusion
 41598 | Depths:1 | Killed Mara
 41800 | Depths:1 | Found a stormy altar of Qazlal.
 42068 | Depths:2 | Found a one-way gate to the infinite horrors of the Abyss.
 42119 | Depths:2 | Found a flickering gateway to a bazaar.
 42143 | Bazaar   | Entered a bazaar
 42255 | Bazaar   | Found Pitraj's Magic Scroll Boutique.
 42263 | Bazaar   | Bought a scroll of blinking for 90 gold pieces
 42263 | Bazaar   | Bought a scroll of enchant weapon for 90 gold pieces
 42270 | Bazaar   | Found Uvoh's General Store.
 42298 | Bazaar   | Found Liefuhy's Weapon Shop.
 42312 | Bazaar   | Found Nipn's Book Boutique.
 42667 | Depths:2 | Found Hempighi's Jewellery Shoppe.
 42668 | Depths:2 | Found Unoira's Book Boutique.
 42668 | Depths:2 | Found Sibeov's Book Boutique.
 43029 | Depths:2 | Identified the +0 leather armour "Niteetem" {Will+}
 43316 | Depths:2 | Reached XP level 21. HP: 89/217 MP: 20/20
 43474 | Depths:2 | Noticed a golden dragon
 43596 | Depths:2 | Killed a golden dragon
 43697 | Depths:2 | Noticed a caustic shrike
 43721 | Depths:2 | Killed a caustic shrike
 44347 | Depths:2 | Found a one-way gate leading to the halls of Pandemonium.
 46275 | Depths:3 | Received a gift from Trog
 46839 | Depths:3 | Reached skill level 1 in Stealth
 47464 | Depths:3 | Reached XP level 22. HP: 128/199 MP: 21/21
 48010 | Depths:3 | Noticed a dread lich
 48024 | Depths:3 | Killed a dread lich
 48270 | Depths:3 | Identified a scroll of acquirement
 48291 | Depths:3 | Acquired 678 gold pieces
 48294 | Depths:3 | Identified the ring of Fodairut {rCorr Slay+2}
 48825 | Depths:3 | Identified the +2 war axe of Death {freeze, ^Fragile +Blink
                  | rN+++ Int-5}
 48827 | Depths:3 | Reached XP level 23. HP: 226/226 MP: 22/22
 48907 | Depths:4 | Entered Level 4 of the Depths
 49176 | Depths:4 | Found a one-way gateway to a ziggurat.
 49694 | Depths:4 | Found a gate to the Realm of Zot.
 50034 | Depths:4 | Reached skill level 10 in Evocations
 51159 | D:10     | Bought a scroll of enchant armour for 90 gold pieces
 51159 | D:10     | Bought a scroll of enchant armour for 90 gold pieces
 51440 | Elf:3    | Bought a potion of cancellation for 144 gold pieces
 51440 | Elf:3    | Bought a potion of mutation for 144 gold pieces
 51440 | Elf:3    | Bought a potion of enlightenment for 90 gold pieces
 51440 | Elf:3    | Bought a potion of cancellation for 144 gold pieces
 51849 | Snake:1  | Bought a wand of quicksilver (4) for 504 gold pieces
 52065 | D:12     | Bought the +3 war axe of Growth {freeze, rElec rPois Str-5
                  | Dex+3} for 423 gold pieces
 52120 | Vaults:1 | Entered Level 1 of the Vaults
 52675 | Vaults:1 | Identified the +0 acid dragon scales of Asceticism {^Contam
                  | rCorr Str+4 Int+3 Slay+3}
 52764 | Vaults:1 | Paralysed by a formless jellyfish for 1 turns
 52784 | Vaults:1 | Found a runed translucent gate.
 52784 | Vaults:1 | Found a runed translucent gate.
 52785 | Vaults:1 | Found a runed translucent gate.
 52785 | Vaults:1 | Identified the +7 plate armour "Hufyn" {^Drain rF+++ Str+5
                  | Dex-3}
 52785 | Vaults:1 | Identified the +0 kite shield "Karuh" {Will+ Regen+}
 52787 | Vaults:1 | Noticed Kipt's ghost (adept SpFE)
 53100 | Vaults:1 | Reached skill level 27 in Fighting
 53853 | Vaults:2 | Identified the +10 battleaxe of the Reaper {flame, rC+}
                  | (Trog gifted it to you on level 2 of the Vaults)
 53853 | Vaults:2 | Received a gift from Trog
 54380 | Vaults:2 | Reached XP level 24. HP: 249/249 MP: 22/22
 55337 | Vaults:3 | Noticed Sojobo
 55369 | Vaults:3 | Received a gift from Trog
 55583 | Vaults:3 | Found a staircase to the Crypt.
 55584 | Vaults:3 | Found an ancient bone altar of Kikubaaqudgha.
 55639 | Vaults:3 | Found Beer Hor's Weapon Boutique.
 55714 | Vaults:3 | Reached skill level 15 in Shields
 55779 | Vaults:3 | Noticed Mennas
 55811 | Vaults:3 | Killed Mennas
 55942 | Vaults:3 | Identified the +0 scale mail of Fixel {rElec MP+9 Str+2}
 56273 | Vaults:3 | Reached XP level 25. HP: 257/257 MP: 22/22
 56445 | Vaults:3 | Noticed Zenata
 56461 | Vaults:3 | Killed Zenata
 57157 | Vaults:4 | Received a gift from Trog
 58764 | Vaults:4 | You fall into a shaft and drop 1 floor!
 58764 | Vaults:5 | Entered Level 5 of the Vaults
 58812 | Vaults:5 | Got a silver rune of Zot
 58945 | Vaults:5 | Reached ****** piety under Trog
 58957 | Vaults:5 | Identified the amulet of Cigoawyh {RegenMP Will+}
 58957 | Vaults:5 | Found the ring of Shadows {Umbra +Inv Stlth+}
 59009 | Vaults:5 | Identified the +0 chain mail of Pegy {Rampage rN++ Dex+4}
 59068 | Vaults:5 | Reached skill level 27 in Axes
 59345 | Vaults:5 | Gained mutation: You are dopey. (Int -2) [a shining eye]
 59349 | Vaults:5 | Lost mutation: You are dopey. (Int -2) [potion of mutation]
 59349 | Vaults:5 | Gained mutation: A frigid envelope surrounds you and
                  | freezes all who hurt you. [potion of mutation]
 59386 | Vaults:5 | Received a gift from Trog
 59410 | Vaults:5 | Identified the +0 tower shield of Pandemonium {Will++ rCorr
                  | Int+2}
 59528 | Vaults:5 | Noticed a dread lich
 59552 | Vaults:5 | Killed a dread lich
 59553 | Vaults:5 | Reached skill level 15 in Dodging
 59553 | Vaults:5 | Reached XP level 26. HP: 238/248 MP: 7/22
 59807 | Vaults:5 | Noticed a dread lich
 59831 | Vaults:5 | Killed a dread lich
 60068 | Vaults:5 | Received a gift from Trog
 60189 | Vaults:5 | Identified the +4 spear of Annihilation {freeze, Str+7}
 60526 | Vaults:5 | Identified the +7 hand axe of the Shrike {pain, Str+4 Dex-3
                  | Stlth+}
 60805 | Vaults:5 | Identified the +7 scimitar of Action {flame, Str+3}
 60805 | Vaults:5 | Identified the +1 plate armour of Hangman {Harm}
 61827 | Snake:4  | Got a serpentine rune of Zot
 62700 | Swamp:4  | Received a gift from Trog
 63399 | Swamp:4  | Got a decaying rune of Zot
 63929 | Elf:3    | Bought the ring "Yllus" {rElec rN+ rCorr Str+4 Dex-3} for
                  | 750 gold pieces
 63929 | Elf:3    | Bought the ring "Ygeudghis" {rF+ EV+5 Int+3 Stlth+} for
                  | 1063 gold pieces
 64503 | Zot:1    | Entered Level 1 of the Realm of Zot
 64780 | Zot:1    | Reached skill level 5 in Stealth
 65230 | Zot:3    | Received a gift from Trog
 65936 | Zot:5    | Entered Level 5 of the Realm of Zot
 66194 | Zot:5    | Identified the dragon-blood talisman of Hepliaklqana's Fury
                  | {Dex+2}
 66365 | Zot:5    | Reached XP level 27. HP: 182/273 MP: 22/22
 66938 | Zot:5    | Identified the +5 rapier "Talox" {antimagic, ^Contam rN+++
                  | Str-2 SInv}
 66940 | Zot:5    | Noticed a dread lich
 66961 | Zot:5    | Killed a dread lich
 66982 | Zot:5    | Received a gift from Trog
 67382 | Zot:5    | Noticed an orb of fire
 67387 | Zot:5    | Gained mutation: Your muscles are strong. (Str +4, Int/Dex
                  | -1) [an orb of fire]
 67408 | Zot:5    | Killed an orb of fire
 67414 | Zot:5    | Noticed a dread lich
 67440 | Zot:5    | Killed a dread lich
 68118 | Zot:5    | Noticed an orb of fire
 68137 | Zot:5    | Killed an orb of fire
 68268 | Zot:5    | Noticed a dread lich
 68289 | Zot:5    | Killed a dread lich
 68290 | Zot:5    | Reached skill level 10 in Stealth
 68385 | Zot:5    | Noticed an ancient lich
 68400 | Zot:5    | Killed an ancient lich
 68407 | Zot:5    | Reached skill level 15 in Evocations
 68511 | Zot:5    | Got the Orb of Zot
 69194 | D:1      | Noticed Lugoexik the pandemonium lord
 69235 | D:$      | Escaped with the Orb!

Illustrated notes

Levels and vault maps discovered:
D:1:      lightli_arrival_maybe_door_vault, layout_loops_ring, serial_shops,
          nicolae_shop_rolling_square, nicolae_wormholes
D:2:      layout_rooms, minmay_tall_x
D:3:      layout_loops_ring, mainiacjoe_overflow_six_doors_small,
          cheibrodos_sewer_entry_sluice, st_stairs_2
D:4:      minmay_polygon_palace, layout_basic, overflow_temple_1_default
D:5:      layout_basic, zin_treasury, mainiacjoe_overflow_divided_tiny,
          uniq_pikel, uniq_ijyb
D:6:      layout_basic, xom_teletrap_fun
D:7:      layout_basic, temple_hall, minmay_ruined_shrine, uniq_maurice
D:8:      layout_loops_ring, david_lair_shrubbed
D:9:      minmay_the_grid_four_pointed_star_mashed
          [minmay_the_grid_triangle_9x9_flanged_cone,
          minmay_the_grid_triangle_9x9_checkered,
          minmay_the_grid_triangle_9x9_fully_insulated_deathbox,
          minmay_the_grid_triangle_9x9_warning, minmay_the_grid_prize_big_room],
          layout_loops_cross, mainiacjoe_overflow_tiny_flanked,
          nicolae_overflow_hidden_temple, nicolae_ru_sacrificial_ziggurat,
          david_orc_1_choice, uniq_erica
D:10:     layout_cave_pods, mainiacjoe_overflow_boulevard, serial_shops,
          nicolae_shop_hallway_plus, nicolae_square_shop,
          nicolae_take_the_stairs, shop
D:11:     layout_stronghold
D:12:     layout_long_grid, serial_shops, nicolae_shop_tiny_glass,
          nicolae_shop_trees, shop, nicolae_shop_bloodbath_and_beyond, shop,
          ebering_ghost_inner_flame, uniq_josephine, uniq_sonja
D:13:     layout_rooms, grunt_vaults_entry_tiered, serial_demonic,
          serial_demonic_f, serial_demonic_g, serial_demonic_g,
          serial_demonic_c, serial_demonic_a, serial_demonic_c, uniq_frances
D:14:     layout_basic, infiniplex_staircase_zigzag_5
D:15:     hangedman_depths_entry_try_elsewhere_first, layout_irregular_city,
          kennysheep_flooded_box, monkooky_shop_mail_order
Temple:   nicolae_temple_bog_church
Lair:1:   layout_chaotic_city, serial_bayou_crossing
Lair:2:   layout_loops_ring, mainiacjoe_swamp_entry_lozenge_pond,
          nicolae_snake_entry_warm_welcome, gauntlet_entry_generic
Lair:3:   layout_cave_pods, serial_bayou_pond_b, patterned_corridor
Lair:4:   layout_hall_layers, slime_entry_1
Lair:5:   guppyfry_lair_end_dragon, layout_cave_pods,
          hangedman_lair_tendril_chambers, serial_bayou_shore_b
Swamp:1:  layout_basic_swamp, evilmike_swamp_ruin_house_4, swamp_pool_1_2,
          nicolae_swamp_very_dense_foliage, uniq_donald, uniq_nikola
Swamp:2:  layout_basic_swamp, evilmike_swamp_ruin_house_1, swamp_pool_4,
          uniq_roxanne, uniq_aizul
Swamp:3:  layout_basic_swamp, evilmike_swamp_ruin_house_2
Swamp:4:  swamp_pestilence, layout_basic_swamp
Snake:1:  layout_onion, ebering_ghost_gozag, hangedman_corner_corridor
Snake:2:  layout_misc_corridors
Snake:3:  layout_onion_interference, special_room, grunt_ministairs_14,
          nicolae_integral_box
Snake:4:  hellmonk_snake_rune_quicksilver_temple, layout_basic
Orc:1:    layout_caves, nicolae_orc_rockfall
Orc:2:    st_orc_congregation, layout_caves
Elf:1:    eino_elf_arrival_shootout, layout_onion_city,
          serial_library_regret_index_branch_corner, drop_trap
Elf:2:    nicolae_elf_blades_splatter_lattice
          [nicolae_blade_entry_crossed_weapons], layout_loops_cross,
          serial_shops, shop
Elf:3:    minmay_elf_hall_dome, layout_onion_city, nicolae_elf_deep_mausoleum,
          minmay_shoptagon
Vaults:1: biasface_ghost_orc_armoury, nicolae_vaults_prndl,
          hangedman_vaults_cutoff, vaults_standard_mumra_lines, v_misc_10,
          hangedman_vaults_corner, vaults_mumra_hex, v_alt_pattern_2,
          nicolae_vaults_murder_corner, nicolae_vaults_trapezoid_lopsided_3,
          ontoclasm_vaults_decontamination, nicolae_vaults_storage_room_statues,
          nicolae_vaults_tetromino_Z_2, nicolae_vaults_house_1,
          layout_vaults_ring
Vaults:2: nicolae_vaults_frosty_reception, nicolae_vaults_closet_pinwheel_5,
          nicolae_vaults_trapezoid_1, ontoclasm_vaults_hangar,
          vaults_room_corners, nicolae_vaults_weapon_check,
          nicolae_vaults_house_1, layout_vaults_omnigrid
Vaults:3: nicolae_vaults_prndl, vaults_dpeg_emergency_exit,
          vaults_room_mumra_shop_pool, v_misc_30, ontoclasm_vaults_misaligned,
          minmay_crypt_entry_necro_gods, nicolae_vaults_trapezoid_1,
          nicolae_vaults_stepped_doors, nicolae_vaults_alarming,
          nicolae_vaults_trapezoid_2, nicolae_vaults_big_ls,
          nicolae_vaults_quartermaster, nicolae_vaults_tetromino_L_2,
          vaults_room_fours, nicolae_vaults_diamond_2, vaults_room_semicircle,
          vaults_room_corners, nicolae_vaults_two_Ls, layout_vaults_big_room,
          uniq_mennas, uniq_sojobo, uniq_zenata
Vaults:4: nicolae_vaults_trapezoid_lopsided_4, nicolae_vaults_little_squares_1,
          nicolae_vaults_angled_halls, nicolae_vaults_mitosis,
          nicolae_vaults_closet_pinwheel_5, vaults_room_pool,
          nicolae_vaults_two_Ls, nicolae_vaults_layer_cake_slice,
          nicolae_vaults_network_quinsquares
          [nicolae_vaults_network_quincunx_subvault,
          nicolae_vaults_network_quincunx_subvault,
          nicolae_vaults_network_quincunx_subvault,
          nicolae_vaults_network_quincunx_subvault], nicolae_vaults_trapezoid_2,
          nicolae_vaults_sightless_eye, ontoclasm_vaults_fault,
          nicolae_vaults_corridor_and_loot_room, nicolae_vaults_trapezoid_1,
          layout_vaults_omnibox
Vaults:5: serial_shops
Depths:1: layout_forbidden_donut, hell_entry, nicolae_qazlal_eye_of_the_storm,
          grunt_tough_drop, uniq_mara, uniq_asterion, uniq_saint_roka
Depths:2: nicolae_aperiodic_l_corner, layout_cave_shapes,
          grunt_pan_entry_sceptre, grunt_mini_vestibule, serial_shops,
          bzr_entry_gold, grunt_decor_resistance, abyss_entry, minmay_shop_grove
Depths:3: lemuel_river_lethe, hell_entry, abyss_entry, serial_shops, pan_entry
Depths:4: evilmike_zot_entry_hall, layout_basic, enter_ziggurat_d, abyss_entry,
          abandoned_shop, pan_entry, grunt_hell_entry_dis_old,
          kilobyte_mutagenic_chamber
Zot:1:    layout_cathedral_of_symmetry
Zot:2:    layout_twisted_circle, drop_trap
Zot:3:    layout_misc_corridors, regret_index_zotdec_iron_s, grunt_megastairs_3
Zot:4:    regret_index_zot_pan_timeshare, layout_misc_corridors, uniq_parghit
Zot:5:    layout_twisted_circle, guppyfry_library_mini

Skill      XL: |  1  2  3  4  5  6  7  8  9 10 11 12 13 14 15 16 17 18 19 20 21 22 23 24 25 26 27 |
---------------+----------------------------------------------------------------------------------+-----
Axes           | 3 4 5 6 7 9 11 13 14 16 18 20 21 22 23 24 25 26 27 | 27.0
Fighting       | 4 5 6 7 8 9 11 12 14 16 18 20 22 23 25 26 27 | 27.0
Armour         | 4 5 6 7 8 10 11 12 14 15 16 18 19 20 21 22 23 24 26 | 26.8
Shields        | 4 5 6 7 8 9 11 12 13 14 15 | 15.0
Dodging        | 3 5 9 11 12 15 17 18 | 18.6
Evocations     | 2 3 5 7 9 11 12 13 15 | 15.1
Stealth        | 1 2 3 7 10 | 10.5

Action                     |  1- 3 |  4- 6 |  7- 9 | 10-12 | 13-15 | 16-18 | 19-21 | 22-24 | 25-27 || total
---------------------------+-------+-------+-------+-------+-------+-------+-------+-------+-------++-------
  Melee: War axe           |    53 |   108 |   197 |       |       |       |   358 |    16 |    37 ||   769
         Headbutt          |     6 |     8 |    52 |   145 |   269 |   177 |   481 |   269 |   536 ||  1943
         Hand axe          |       |       |    88 |   446 |       |       |       |       |       ||   534
         Broad axe         |       |       |       |   170 |  1010 |   809 |  1370 |   858 |  1571 ||  5788
         Morningstar       |       |       |       |       |    23 |       |       |       |       ||    23
  Throw: Dart              |       |       |       |     1 |       |     2 |       |       |     5 ||     8
         Throwing net      |       |       |       |       |     1 |       |       |       |       ||     1
 Invoke: Sacrifice Love    |       |       |       |     1 |       |       |       |       |       ||     1
         Draw Out Power    |       |       |       |     3 |     2 |       |       |       |       ||     5
         Sacrifice Words   |       |       |       |     1 |       |       |       |       |       ||     1
         Sacrifice Courage |       |       |       |     1 |       |       |       |       |       ||     1
         Sacrifice Resista |       |       |       |       |     1 |       |       |       |       ||     1
         Apocalypse        |       |       |       |       |     1 |       |       |       |       ||     1
         Sacrifice Forms   |       |       |       |       |     1 |       |       |       |       ||     1
         Trog's Hand       |       |       |       |       |    11 |    26 |    46 |    16 |    27 ||   126
         Berserk           |       |       |       |       |     7 |     7 |    21 |     7 |     4 ||    46
  Evoke: Wand              |       |       |     4 |     9 |       |       |     5 |     2 |     9 ||    29
    Use: Scroll            |       |     3 |     4 |    22 |    10 |     4 |    11 |     4 |    28 ||    86
         Potion            |       |     1 |     5 |     8 |     3 |     1 |    10 |     5 |    17 ||    50
   Stab: Invisible         |       |       |       |     1 |     2 |       |       |       |       ||     3
         Distracted        |       |       |       |       |     4 |       |       |       |     2 ||     6
         Paralysed         |       |       |       |       |     3 |       |     2 |       |       ||     5
         Confused          |       |       |       |       |       |     1 |       |       |       ||     1
 Armour: Scale mail        |    29 |    92 |   232 |   294 |   193 |    17 |       |       |       ||   857
         Chain mail        |       |       |       |    59 |   322 |       |       |       |       ||   381
         Plate armour      |       |       |       |       |       |   425 |  1074 |   443 |   891 ||  2833
  Dodge: Dodged            |    27 |    53 |   121 |   177 |   194 |   123 |   439 |   200 |   434 ||  1768
  Block: Buckler           |    14 |    32 |    72 |    76 |       |       |       |       |       ||   194
         Kite shield       |       |       |       |   180 |   563 |   508 |  1514 |   661 |  1209 ||  4635
         Reflection        |       |       |       |       |       |    68 |    64 |    23 |    63 ||   218
